 Dungeon Crawl Stone Soup version 0.22-a0-136-g83a10e5898 (webtiles) character file.

888 MrRokkomies the Poker (level 7, -4/61 HPs)
             Began as a Centaur Abyssal Knight on Feb 2, 2018.
             Was a Priest of Lugonu.
             Killed by nerve-wracking pain
             ... invoked by a shadow imp
              (14 damage)
             ... on level 5 of the Dungeon.
             The game lasted 00:06:58 (4274 turns).

MrRokkomies the Poker (Centaur Abyssal Knight)      Turns: 4274, Time: 00:06:58

Health: -4/61      AC:  8    Str: 15    XL:     7   Next: 77%
Magic:  11/11      EV:  4    Int: 11    God:    Lugonu [***...]
Gold:   162        SH:  0    Dex: 10    Spells: 6/6 levels left

rFire    . . .     SeeInvis .   d - +8 scythe
rCold    . . .     Gourm    .   (shield currently unavailable)
rNeg     . . .     Faith    .   v - +0 chain mail
rPois    +         Spirit   .   (no helmet)
rElec    .         Reflect  .   i - scarf {cloud immunity}
rCorr    .         Harm     .   o - +0 pair of gloves
MR       .....                  (no barding)
Stlth    ..........             n - amulet of rage
HPRegen  0.20/turn              u - ring of poison resistance
MPRegen  0.12/turn              (no ring)

@: very quick
A: large, hooves 3, deformed body, speed 2, tough skin 3
a: Depart the Abyss, Bend Space, Banish, Renounce Religion, Evoke Berserk Rage


You were on level 5 of the Dungeon.
You worshipped Lugonu.
Lugonu was most pleased with you.
You were not hungry.

You visited 1 branch of the dungeon, and saw 5 of its levels.
You visited the Abyss 1 time.

You collected 162 gold pieces.

Inventory:

Hand Weapons
 a - a +1 spear
 d - a +8 scythe (weapon)
 l - the +9 short sword of Qonlarph {antimagic, rF+ Str+2, unknown}
   (You took it off a gnoll on level 4 of the Dungeon)

   It reduces the magical energy of the wielder, and disrupts the spells and
   magical abilities of those hit.
   Natural abilities and divine invocations are not affected.
   It affects your strength (+2).
   It protects you from fire.
Missiles
 w - 25 arrows
Armour
 i - a scarf of cloud immunity (worn)
 o - a +0 pair of gloves (worn)
 v - a +0 chain mail (worn)
Jewellery
 n - an amulet of rage (around neck)
 u - a ring of poison resistance (left hand)
Wands
 q - a wand of paralysis (8)
 t - a wand of acid (10)
Scrolls
 b - 2 scrolls of teleportation {unknown}
 f - 3 scrolls of remove curse {unknown}
 g - 11 scrolls of identify {unknown}
 h - 3 scrolls of amnesia {unknown}
 j - a scroll of magic mapping {unknown}
 k - a scroll of random uselessness {unknown}
 m - a scroll of fear {unknown}
 p - 4 scrolls of enchant armour {unknown}
Potions
 r - a potion of lignification {unknown}
 s - a potion of haste {unknown}
Miscellaneous
 e - a lamp of fire
Comestibles
 c - 5 rations


   Skills:
 - Level 5.0 Fighting
 * Level 5.9 Polearms
 - Level 1.3 Armour
 - Level 0.6 Dodging
 * Level 5.5 Invocations


You had 6 spell levels left.
You didn't know any spells.

Dungeon Overview and Level Annotations

Branches:
Dungeon (5/15)
 Temple: D:4-7

Altars:
Ashenzari
Cheibriados
Elyvilon
Nemelex Xobeh
Qazlal
Sif Muna


Innate Abilities, Weirdness & Mutations

You have hooves in place of feet.
Armour fits poorly on your strangely shaped body.
You cover ground very quickly.
You have extremely tough skin. (AC +3)


Message History

The shadow imp hits you but does no damage.
The orc hits you but does no damage.
The shadow imp hits you but does no damage.
A quasit comes into view.
Attack whom?
Press: ? - help, Dir - move target cursor, f - shadow imp
Aim: a shadow imp You barely miss the shadow imp.
The quasit gives a chilling moan.
You kick the shadow imp!
The shadow imp is severely wounded.
You hear a shout!
The orc hits you but does no damage. The shadow imp barely misses you.
The ice beast hits you. The ice beast freezes you!
* * * LOW HITPOINT WARNING * * *
The orc hits you from afar with a trident.
* * * LOW HITPOINT WARNING * * *
The shadow imp gestures at you. Pain shoots through your body!
You die...

##........#
#.........#
...#....#### .#
###..# ####.
#..# #.....
#..###..$...
##..#....>..
##..#.......
#...@.).$...
.......Y5o.....
...###.#..).....
.. #.#.#...... .
#...##.....
..... ..5..
..... ...# ....
....


You could see an ice beast, a quasit, a shadow imp and an orc.

Vanquished Creatures
  Sigmund (D:2)
  An ogre (D:4)
  Blork the orc (D:4)
  A scorpion (D:4)
  A centaur zombie (D:4)
  2 orc wizards
  An orc priest (D:3)
  3 iguanas
  2 worker ants
  A hound skeleton (D:4)
  12 gnolls
  3 adders
  2 oozes
  2 worms (D:4)
  5 dart slugs
  6 leopard geckos
  18 orcs
  2 giant cockroaches (D:2)
  11 goblins
  9 hobgoblins
  3 jackals
  4 kobolds
  2 quokkas
  A ball python (D:2)
  4 bats
  6 frilled lizards
  A leopard gecko skeleton (D:5)
  5 rats
110 creatures vanquished.

Vanquished Creatures (others)
  An adder (D:4)
  A quokka (D:4)
  3 fungi (D:4)
5 creatures vanquished.

Grand Total: 115 creatures vanquished

Notes
Turn   | Place    | Note
-------+----------+-------------------------------------------
     0 | Abyss:1  | MrRokkomies the Centaur Abyssal Knight began the quest for the Orb.
     0 | Abyss:1  | Reached XP level 1. HP: 19/19 MP: 2/2
     0 | Abyss:1  | Noticed a small abomination
     0 | Abyss:1  | Noticed a small abomination
     0 | Abyss:1  | Noticed a small abomination
     0 | Abyss:1  | Noticed a small abomination
     0 | Abyss:1  | Noticed a chaos spawn
     0 | Abyss:1  | Noticed a small abomination
     2 | Abyss:1  | Noticed a jelly
     2 | Abyss:1  | a rat changed into a jelly
     6 | Abyss:1  | Noticed a small abomination
     7 | Abyss:1  | Noticed a kobold demonologist
     7 | Abyss:1  | Noticed a white ugly thing
     8 | Abyss:1  | Noticed an ice devil
     8 | D:1      | Escaped the Abyss
   101 | D:1      | Reached XP level 2. HP: 4/26 MP: 3/3
   376 | D:1      | Reached * piety under Lugonu
   667 | D:1      | Reached XP level 3. HP: 31/31 MP: 4/4
  1284 | D:2      | Noticed Sigmund
  1292 | D:2      | Killed Sigmund
  1292 | D:2      | Reached XP level 4. HP: 24/41 MP: 5/5
  1292 | D:2      | Reached XP level 5. HP: 28/47 MP: 6/6
  1439 | D:2      | Reached skill level 5 in Fighting
  1449 | D:2      | Reached ** piety under Lugonu
  2103 | D:3      | Found a sparkling altar of Nemelex Xobeh.
  2111 | D:3      | Reached XP level 6. HP: 54/56 MP: 7/7
  2380 | D:3      | Found a stormy altar of Qazlal.
  2405 | D:4      | Noticed Blork the orc
  2417 | D:4      | Killed Blork the orc
  2925 | D:4      | Reached skill level 5 in Polearms
  2925 | D:4      | Reached XP level 7. HP: 3/61 MP: 8/10
  2926 | D:4      | HP: 2/61 [quokka (2)]
  3242 | D:4      | Found a white marble altar of Elyvilon.
  3280 | D:4      | Found a snail-covered altar of Cheibriados.
  3375 | D:4      | Found a shattered altar of Ashenzari.
  3397 | D:4      | Got a shimmering short sword {antimagic}
  3835 | D:4      | Reached skill level 5 in Invocations
  4101 | D:4      | Found a deep blue altar of Sif Muna.
  4236 | D:5      | Entered Level 5 of the Dungeon
  4266 | D:5      | Reached *** piety under Lugonu
  4274 | D:5      | Killed from afar by a shadow imp

Vault maps used:
D:1:      ncdulo_smallfort, minmay_misc_feat_roman
D:2:      first_ration, uniq_sigmund
D:3:      old_standard_altar, nicolae_qazlal_eye_of_the_storm
D:4:      overflow_temple_1_default, lemuel_blue_sif_altar, old_standard_altar,
          elyvilon_altar_4, serial_aquarium, aquarium_bridge_square,
          aquarium_bridge_square, aquarium_window_2, aquarium_window_fake,
          aquarium_window_corner, aquarium_view_2b, uniq_blork_the_orc
D:5:      kennysheep_mini_moat, temple_green, feat_on_display

Skill      XL: |  1  2  3  4  5  6  7 |
---------------+----------------------+-----
Polearms       | 2 3 4 5 |  5.9
Fighting       | 4 5 |  5.0
Invocations    | 4 5 |  5.5
Armour         | |  1.3
Dodging        | |  0.6

Action                   |  1- 3 |  4- 6 |  7- 9 || total
-------------------------+-------+-------+-------++-------
Melee: Scythe            |    72 |    68 |    88 ||   228
       Kick              |     6 |     7 |    14 ||    27
Invok: Depart the Abyss  |     1 |       |       ||     1
Evoke: Wand              |     2 |       |       ||     2
 Stab: Paralysed         |     2 |       |       ||     2
  Eat: Chunk             |       |     5 |     4 ||     9
Armor: Leather armour    |     7 |       |       ||     7
       Scale mail        |     9 |    64 |     6 ||    79
       Ring mail         |     1 |       |       ||     1
       Chain mail        |       |       |    59 ||    59
Dodge: Dodged            |    40 |    49 |    30 ||   119

Table legend:
 A = Spawn XP
 B = Non-spawn XP
 C = Spawn XP percentage of total XP
 D = Spawn monster count
 E = Non-spawn monster count
 F = Spawn count percentage of total count
 G = Total turns spent on level
                    A         B        C        D         E        F      G
               +---------+---------+-------+---------+---------+-------+---------
         Total |       0 |    1269 |   0.0 |       0 |     110 |   0.0 |  4274
               +---------+---------+-------+---------+---------+-------+---------
           D:1 |       0 |      50 |   0.0 |       0 |      26 |   0.0 |  1018
           D:2 |       0 |     267 |   0.0 |       0 |      17 |   0.0 |   919
           D:3 |       0 |     140 |   0.0 |       0 |      21 |   0.0 |  1189
           D:4 |       0 |     696 |   0.0 |       0 |      35 |   0.0 |  1102
           D:5 |       0 |     116 |   0.0 |       0 |      11 |   0.0 |    38
               +---------+---------+-------+---------+---------+-------+---------
